BSA
NIAGARA FALLS FRENZY @ BOSTON REBELS
03/01/2024
 
TOP OF THE 1ST
Niagara Falls Frenzy batting - Pitching for Boston Rebels : RHP Martín Ramírez
Pitching: RHP Martín Ramírez
Batting: RHB Lawrence Schroeder 0-0: Swinging Strike
0-1: Ball
1-1: Ball
2-1: Ground out 1-3 (Groundball, 23)
Batting: RHB Juan Carlos Rodríguez 0-0: Called Strike
0-1: Ball
1-1: Swinging Strike
1-2: Ground out 6-3 (Groundball, 6)
Batting: LHB Dante Owens 0-0: Ball
1-0: SINGLE (Line Drive, 4MD)
Batting: LHB Donovan Bird 0-0: Foul Ball, location: 2F
0-1: Ball
1-1: Ball
2-1: Ball
3-1: Base on Balls
Dante Owens to second
Batting: SHB Ray Burgess 0-0: Fielders Choice at 2nd, U4 (Groundball, 4M)
Top of the 1st over - 0 run(s), 1 hit(s), 0 error(s), 2 left on base; Niagara Falls 0 - Boston 0
BOTTOM OF THE 1ST
Boston Rebels batting - Pitching for Niagara Falls Frenzy : LHP Tomás Fajardo
Pitching: LHP Tomás Fajardo
Batting: LHB Bill Wilson 0-0: Called Strike
0-1: DOUBLE (Line Drive, 78D)
Batting: RHB Rob Whitley 0-0: Ball
1-0: Ball
2-0: Called Strike
2-1: Ball
3-1: Base on Balls
Batting: SHB Álex Rosado 0-0: Swinging Strike
0-1: Foul Ball, location: 2F
0-2: Strikes out swinging
Batting: SHB Javier Villegas 0-0: Foul Ball, location: 2F
0-1: Called Strike
0-2: Ball
1-2: Foul Ball, location: 2F
1-2: Ball
2-2: Ball
3-2: Foul Ball, location: 2F
3-2: Foul Ball, location: 2F
3-2: Grounds into double play, 5-4-3 (Groundball, 5)
Bottom of the 1st over - 0 run(s), 1 hit(s), 0 error(s), 1 left on base; Niagara Falls 0 - Boston 0
TOP OF THE 2ND
Niagara Falls Frenzy batting - Pitching for Boston Rebels : RHP Martín Ramírez
Batting: SHB Shumei Yokoyama 0-0: Foul Ball, location: 2F
0-1: Ball
1-1: Ground out U3 (Groundball, 3)
Batting: SHB Martín De Jesús 0-0: Ball
1-0: Fly out, F9 (Flyball, 9M)
Batting: RHB Ángel Hinojosa 0-0: Foul Ball, location: 2F
0-1: SINGLE (Groundball, 6)
Batting: RHB Juan Sánchez 0-0: Called Strike
0-1: Foul Ball, location: 2F
0-2: Ball
1-2: Ground out 5-3 (Groundball, 5S)
Top of the 2nd over - 0 run(s), 1 hit(s), 0 error(s), 1 left on base; Niagara Falls 0 - Boston 0
BOTTOM OF THE 2ND
Boston Rebels batting - Pitching for Niagara Falls Frenzy : LHP Tomás Fajardo
Batting: RHB Wilson Gómez 0-0: Ground out 5-3 (Groundball, 5L)
Batting: LHB Stanley Mullins 0-0: Swinging Strike
0-1: Called Strike
0-2: Ground out 4-3 (Groundball, 13)
Batting: LHB Félix Gómez 0-0: Called Strike
0-1: Ball
1-1: Foul Ball, location: 2F
1-2: Ball
2-2: Fly out, F9 (Line Drive, 89S)
Bottom of the 2nd over - 0 run(s), 0 hit(s), 0 error(s), 0 left on base; Niagara Falls 0 - Boston 0
TOP OF THE 3RD
Niagara Falls Frenzy batting - Pitching for Boston Rebels : RHP Martín Ramírez
Batting: RHB Lawrence Schroeder 0-0: Ball
1-0: Called Strike
1-1: Ball
2-1: Ball
3-1: Foul Ball, location: 2F
3-2: Base on Balls
Batting: RHB Juan Carlos Rodríguez 0-0: Called Strike
0-1: Grounds into double play, 6-4-3 (Groundball, 6)
Batting: LHB Dante Owens 0-0: Ball
1-0: Called Strike
1-1: SINGLE (Groundball, 34D)
Batting: LHB Donovan Bird 0-0: Ball
1-0: Foul Ball, location: 2F
1-1: Swinging Strike
1-2: Ball
2-2: Ball
3-2: Strikes out swinging
Top of the 3rd over - 0 run(s), 1 hit(s), 0 error(s), 1 left on base; Niagara Falls 0 - Boston 0
BOTTOM OF THE 3RD
Boston Rebels batting - Pitching for Niagara Falls Frenzy : LHP Tomás Fajardo
Batting: RHB Ronnie Brown 0-0: Called Strike
0-1: Fly out, F4 (Popup, 4D)
Batting: LHB Tony Ramírez 0-0: Foul Ball, location: 2F
0-1: Foul Ball, location: 2F
0-2: Ball
1-2: Ground out U3 (Groundball, 3S)
Batting: LHB Bill Wilson 0-0: Ball
1-0: Ground out 4-3 (Groundball, 4)
Bottom of the 3rd over - 0 run(s), 0 hit(s), 0 error(s), 0 left on base; Niagara Falls 0 - Boston 0
TOP OF THE 4TH
Niagara Falls Frenzy batting - Pitching for Boston Rebels : RHP Martín Ramírez
Batting: SHB Ray Burgess 0-0: Ball
1-0: Ball
2-0: Ball
3-0: Fly out, F6 (Popup, 6MD)
Batting: SHB Shumei Yokoyama 0-0: Ball
1-0: Foul Ball, location: 2F
1-1: Swinging Strike
1-2: Ground out 4-3 (Groundball, 4)
Batting: SHB Martín De Jesús 0-0: Foul Ball, location: 2F
0-1: Ball
1-1: Ball
2-1: Ground out 6-3 (Groundball, 6M)
Top of the 4th over - 0 run(s), 0 hit(s), 0 error(s), 0 left on base; Niagara Falls 0 - Boston 0
BOTTOM OF THE 4TH
Boston Rebels batting - Pitching for Niagara Falls Frenzy : LHP Tomás Fajardo
Batting: RHB Rob Whitley 0-0: Foul Ball, location: 2F
0-1: Ground out 6-3 (Groundball, 6M)
Batting: SHB Álex Rosado 0-0: Ball
1-0: Called Strike
1-1: Foul Ball, location: 2F
1-2: Ball
2-2: Strikes out looking
Batting: SHB Javier Villegas 0-0: Ball
1-0: Ball
2-0: Swinging Strike
2-1: Foul Ball, location: 2F
2-2: Foul Ball, location: 2F
2-2: Ball
3-2: Base on Balls
Batting: RHB Wilson Gómez 0-0: Foul Ball, location: 2F
0-1: Ball
1-1: Ball
2-1: Fly out, F8 (Flyball, 8RM)
Bottom of the 4th over - 0 run(s), 0 hit(s), 0 error(s), 1 left on base; Niagara Falls 0 - Boston 0
TOP OF THE 5TH
Niagara Falls Frenzy batting - Pitching for Boston Rebels : RHP Martín Ramírez
Pitching: RHP Lorenzo Vargas
Batting: RHB Ángel Hinojosa 0-0: Called Strike
0-1: Ground out 5-3 (Groundball, 5S)
Batting: RHB Juan Sánchez 0-0: Ball
1-0: Swinging Strike
1-1: Foul Ball, location: 2F
1-2: Foul Ball, location: 2F
1-2: Foul Ball, location: 2F
1-2: Ball
2-2: Strikes out swinging
Batting: RHB Lawrence Schroeder 0-0: Called Strike
0-1: Ball
1-1: Called Strike
1-2: Strikes out swinging
Top of the 5th over - 0 run(s), 0 hit(s), 0 error(s), 0 left on base; Niagara Falls 0 - Boston 0
BOTTOM OF THE 5TH
Boston Rebels batting - Pitching for Niagara Falls Frenzy : LHP Tomás Fajardo
Pitching: RHP Terry Fields
Batting: LHB Stanley Mullins 0-0: Called Strike
0-1: Called Strike
0-2: SOLO HOME RUN (Flyball, 9D), Distance : 374 ft
Batting: LHB Félix Gómez 0-0: Swinging Strike
0-1: Called Strike
0-2: Strikes out swinging
Batting: RHB Ronnie Brown 0-0: Fly out, F6 (Popup, 56D)
Batting: LHB Tony Ramírez 0-0: Foul Ball, location: 2F
0-1: Ball
1-1: Ball
2-1: Foul Ball, location: 2F
2-2: Ball
3-2: Foul Ball, location: 2F
3-2: SINGLE (Flyball, 7S)
Batting: LHB Bill Wilson 0-0: Ball
1-0: Called Strike
1-1: Ball
2-1: Swinging Strike
2-2: Ball
3-2: Foul Ball, location: 2F
3-2: Strikes out swinging
Bottom of the 5th over - 1 run(s), 2 hit(s), 0 error(s), 1 left on base; Niagara Falls 0 - Boston 1
TOP OF THE 6TH
Niagara Falls Frenzy batting - Pitching for Boston Rebels : RHP Lorenzo Vargas
Batting: RHB Juan Carlos Rodríguez 0-0: Called Strike
0-1: Ball
1-1: Ball
2-1: Foul Ball, location: 2F
2-2: Foul Ball, location: 2F
2-2: Ground out 5-3 (Groundball, 5S)
Batting: LHB Dante Owens 0-0: Ball
1-0: Ball
2-0: Ball
3-0: Called Strike
3-1: Foul Ball, location: 2F
3-2: Base on Balls
Batting: LHB Donovan Bird 0-0: Foul Ball, location: 2F
0-1: Ball
1-1: SINGLE (Line Drive, 34)
Dante Owens to second
Batting: SHB Ray Burgess 0-0: Ball
1-0: Ball
2-0: Ball
3-0: Swinging Strike
3-1: SINGLE (Line Drive, 6MD)
Dante Owens to third
Donovan Bird to second
Runner from 3rd tries for Home, SAFE, no throw or cutoff
Batting: SHB Shumei Yokoyama 0-0: Ball
1-0: Ball
2-0: Ball
3-0: Called Strike
3-1: Base on Balls
Donovan Bird to third
Ray Burgess to second
Batting: SHB Martín De Jesús 0-0: Called Strike
0-1: Foul Ball, location: 2F
0-2: Foul Ball, location: 2F
0-2: Fly out, F9 (Line Drive, 89S)
Batting: RHB Ángel Hinojosa 0-0: Ball
1-0: Ball
2-0: SINGLE (Line Drive, 6MD)
Donovan Bird scores
Ray Burgess to third
Shumei Yokoyama to second
Batting: RHB Juan Sánchez 0-0: Swinging Strike
0-1: Ball
1-1: Ball
2-1: Ball
3-1: Base on Balls
Ray Burgess scores
Shumei Yokoyama to third
Ángel Hinojosa to second
Pitching: RHP Jorge Delgado
Pinch Hitting: LHB Clyde Yarbrough 0-0: Called Strike
0-1: Ball
1-1: DOUBLE (Flyball, 89XD)
Shumei Yokoyama scores
Ángel Hinojosa scores
Juan Sánchez to third
Runner from 3rd tries for Home, SAFE, no throw or cutoff
Pinch Hitting: RHB Troy Lau 0-0: Ball
1-0: Swinging Strike
1-1: Foul Ball, location: 2F
1-2: Strikes out looking
Top of the 6th over - 6 run(s), 4 hit(s), 0 error(s), 1 left on base; Niagara Falls 6 - Boston 1
BOTTOM OF THE 6TH
Boston Rebels batting - Pitching for Niagara Falls Frenzy : RHP Terry Fields
Now at 2B: Bryce Hester
Now at 3B: Seung-woo Yi
Batting: RHB Rob Whitley 0-0: Ball
1-0: Ball
2-0: Foul Ball, location: 2F
2-1: Called Strike
2-2: Ball
3-2: Foul Ball, location: 2F
3-2: Base on Balls
Batting: SHB Álex Rosado 0-0: Called Strike
0-1: Ball
1-1: Fielders Choice at 2nd, 4-6 (Groundball, 4)
Batting: SHB Javier Villegas 0-0: Called Strike
0-1: Ball
1-1: Swinging Strike
1-2: Ball
2-2: Foul Ball, location: 2F
2-2: Strikes out swinging
Batting: RHB Wilson Gómez 0-0: Ball
1-0: Foul Ball, location: 2F
1-1: Ball
2-1: SINGLE (Line Drive, 78S)
Álex Rosado to second
Batting: LHB Stanley Mullins 0-0: Ball
1-0: DOUBLE (Groundball, 5L)
Álex Rosado scores
Wilson Gómez to third
Runner from 3rd tries for Home, SAFE, no throw or cutoff
Pitching: RHP Nathan Thornton
Batting: LHB Félix Gómez 0-0: Foul Ball, location: 2F
0-1: Swinging Strike
0-2: Hit by Pitch
Batting: RHB Ronnie Brown 0-0: Foul Ball, location: 2F
0-1: Ball
1-1: Ball
2-1: Ball
3-1: Called Strike
3-2: Ground out 6-3 (Groundball, 6)
Bottom of the 6th over - 2 run(s), 2 hit(s), 0 error(s), 2 left on base; Niagara Falls 6 - Boston 3
TOP OF THE 7TH
Niagara Falls Frenzy batting - Pitching for Boston Rebels : RHP Jorge Delgado
Pinch Hitting: RHB Eichiro Yamamoto 0-0: Ball
1-0: Called Strike
1-1: SINGLE (Groundball, 15S) (infield hit)
Batting: LHB Donovan Bird 0-0: Called Strike
0-1: Ball
1-1: Ball
Eichiro Yamamoto steals 2nd base
2-1: Swinging Strike
2-2: Ground out 3-1 (Groundball, 34S)
Eichiro Yamamoto to third
Batting: RHB Carlos Castro 0-0: Called Strike
0-1: Swinging Strike
0-2: Ball
1-2: Strikes out swinging
Batting: SHB Shumei Yokoyama 0-0: Ball
Wild Pitch!
Eichiro Yamamoto scores
1-0: Foul Ball, location: 2F
1-1: Ground out 5-3 (Groundball, 56)
Top of the 7th over - 1 run(s), 1 hit(s), 0 error(s), 0 left on base; Niagara Falls 7 - Boston 3
BOTTOM OF THE 7TH
Boston Rebels batting - Pitching for Niagara Falls Frenzy : RHP Nathan Thornton
Now in CF: Eichiro Yamamoto
Batting: LHB Tony Ramírez 0-0: Ball
1-0: Ground out 6-3 (Groundball, 6)
Batting: LHB Bill Wilson 0-0: Called Strike
0-1: Ball
1-1: Ball
2-1: DOUBLE (Flyball, 8RXD)
Batting: RHB Rob Whitley 0-0: Foul Ball, location: 2F
0-1: Ball
1-1: Called Strike
1-2: Ball
2-2: Foul Ball, location: 2F
2-2: Ball
3-2: Foul Ball, location: 2F
3-2: Base on Balls
Batting: SHB Álex Rosado 0-0: Called Strike
0-1: Foul Ball, location: 2F
0-2: Foul Ball, location: 2F
0-2: Foul Ball, location: 2F
0-2: Strikes out swinging
Pinch Hitting: LHB Lorenzo Flores 0-0: Ball
1-0: SINGLE (Groundball, 34D)
Bill Wilson to third
Rob Whitley to second
Runner from 3rd tries for Home, SAFE, no throw or cutoff
Pinch Hitting: LHB Bill Wilson 0-0: Ball
1-0: Foul Ball, location: 2F
1-1: Ball
2-1: Ground out 4-3 (Groundball, 4)
Bottom of the 7th over - 1 run(s), 2 hit(s), 0 error(s), 2 left on base; Niagara Falls 7 - Boston 4
TOP OF THE 8TH
Niagara Falls Frenzy batting - Pitching for Boston Rebels : RHP Jorge Delgado
Now at 1B: Lorenzo Flores
Now at 2B: Felipe Olivas
Batting: SHB Martín De Jesús 0-0: Foul Ball, location: 2F
0-1: Ball
1-1: Fly out, F7 (Flyball, 78D)
Batting: RHB Ángel Hinojosa 0-0: Called Strike
0-1: Ball
1-1: Foul Ball, location: 2F
1-2: Ball
2-2: Ground out 6-3 (Groundball, 6M)
Batting: RHB Juan Sánchez 0-0: Ball
1-0: Ball
2-0: Ball
3-0: Called Strike
3-1: Base on Balls
Batting: RHB Bryce Hester 0-0: Foul Ball, location: 2F
0-1: Called Strike
0-2: Ball
1-2: Strikes out swinging
Top of the 8th over - 0 run(s), 0 hit(s), 0 error(s), 1 left on base; Niagara Falls 7 - Boston 4
BOTTOM OF THE 8TH
Boston Rebels batting - Pitching for Niagara Falls Frenzy : RHP Nathan Thornton
Batting: LHB Jeff Gordon 0-0: Ball
1-0: SOLO HOME RUN (Flyball, 8RXD), Distance : 439 ft
Pinch Hitting: RHB Salvador Gonzáles 0-0: Ball
1-0: Called Strike
1-1: Fly out, F8 (Flyball, 8LD)
Batting: RHB Ronnie Brown 0-0: Foul Ball, location: 2F
0-1: Swinging Strike
0-2: SINGLE (Groundball, 56D)
Pinch Hitting: RHB Clancy Booker 0-0: Swinging Strike
0-1: Swinging Strike
0-2: Ball
1-2: Fielders Choice at 2nd, 5-4 (Groundball, 5)
Batting: LHB Bill Wilson 0-0: Ground out 4-3 (Groundball, 34)
Bottom of the 8th over - 1 run(s), 2 hit(s), 0 error(s), 1 left on base; Niagara Falls 7 - Boston 5
TOP OF THE 9TH
Niagara Falls Frenzy batting - Pitching for Boston Rebels : RHP Jorge Delgado
Now at SS: Ju-wei Shiu
Now in RF: Salvador Gonzáles
Batting: LHB Seung-woo Yi 0-0: Ball
1-0: Foul Ball, location: 2F
1-1: Ball
2-1: Called Strike
2-2: SINGLE (Groundball, 15) (infield hit)
Batting: RHB Eichiro Yamamoto 0-0: Ball
1-0: Ball
2-0: Foul Ball, location: 2F
2-1: Ball
3-1: Base on Balls
Seung-woo Yi to second
Pitching: LHP Luis Valentín
Batting: LHB Donovan Bird 0-0: Fielders Choice at 2nd, 4-6 (Groundball, 34)
Seung-woo Yi to third
Pitching: RHP Alberto Bonilla
Batting: RHB Carlos Castro 0-0: Called Strike
0-1: Foul Ball, location: 2F
0-2: Ball
1-2: Strikes out swinging
Pitching: RHP Takafumi Ogusuku
Batting: SHB Shumei Yokoyama 0-0: Ball
1-0: Ball
2-0: Ball
3-0: Called Strike
3-1: Base on Balls
Donovan Bird to second
Pitching: RHP Jonathan Booker
Batting: SHB Martín De Jesús 0-0: Ground out 4-3 (Groundball, 4)
Top of the 9th over - 0 run(s), 1 hit(s), 0 error(s), 3 left on base; Niagara Falls 7 - Boston 5
BOTTOM OF THE 9TH
Boston Rebels batting - Pitching for Niagara Falls Frenzy : RHP Nathan Thornton
Pitching: RHP Horace Thomas
Batting: RHB Rob Whitley 0-0: Called Strike
0-1: Fly out, F9 (Flyball, 9M)
Batting: SHB Álex Rosado 0-0: Foul Ball, location: 2F
0-1: Ball
1-1: Ground out 5-3 (Groundball, 56S)
Batting: LHB Lorenzo Flores 0-0: Swinging Strike
0-1: Ground out 3-1 (Groundball, 34)
Bottom of the 9th over - 0 run(s), 0 hit(s), 0 error(s), 0 left on base; Niagara Falls 7 - Boston 5
This league is powered by Out of the Park Baseball, the baseball management simulation game for PC, Mac and Linux
Saturday, April 9th, 2016 - OOTP Baseball 16.8 Build 38